 Dungeon Crawl Stone Soup version 0.23.1 (webtiles) character file.

Game seed: 3771344745083130791

219 PentaManta the Skirmisher (level 5, -1/43 HPs)
             Began as a Merfolk Fighter on Mar 10, 2019.
             Slain by an orc
             ... wielding a +0 short sword
              (6 damage)
             ... on level 4 of the Dungeon.
             The game lasted 00:08:19 (3317 turns).

PentaManta the Skirmisher (Merfolk Fighter)         Turns: 3317, Time: 00:08:19

Health: -1/43      AC:  3    Str: 17    XL:     5   Next: 96%
Magic:  14/14      EV: 13    Int:  8    God:
Gold:   149        SH:  0    Dex: 13    Spells: 4/4 levels left

rFire    . . .     SeeInvis .   a - +0 long sword
rCold    . . .     Gourm    .   (no shield)
rNeg     . . .     Faith    .   e - +0 leather armour
rPois    .         Spirit   .   (no helmet)
rElec    .         Reflect  .   (no cloak)
rCorr    .         Harm     .   (no gloves)
MR       .....                  (no boots)
Stlth    +.........             k - amulet of rage
HPRegen  0.14/turn              i - ring of magical power
MPRegen  0.14/turn              (no ring)

@: berserk cooldown, starving, slowed, very slow
A: change form in water, swift swim, stealthy swim
a: Evoke Berserk Rage


You were on level 4 of the Dungeon.
You were starving.

You visited 2 branches of the dungeon, and saw 5 of its levels.

You collected 149 gold pieces.

Inventory:

Hand Weapons
 a - a +0 long sword (weapon)
Missiles
 t - 7 javelins (quivered)
Armour
 b - a +0 scale mail
 c - a +1 shield
 e - a +0 leather armour (worn)
Jewellery
 i - a ring of magical power (left hand)
 k - an amulet of rage (around neck)
 l - a cursed ring of teleportation {unknown}
 m - an uncursed amulet of harm {unknown}
 p - an uncursed amulet of the gourmand {unknown}
Wands
 g - a wand of digging (6)
 u - a wand of iceblast (3)
Scrolls
 j - 4 scrolls of remove curse
 q - a scroll of magic mapping {unknown}
 r - 2 scrolls of identify
Potions
 d - a potion of might
 h - a potion of magic {unknown}
 n - a potion of cancellation {unknown}
 o - a potion of curing {unknown}
 s - a potion of heal wounds
 v - a potion of ambrosia {unknown}
Comestibles
 f - 8 rations


   Skills:
 + Level 4.9 Fighting
 + Level 4.2 Long Blades
 - Level 2.1 Armour
 * Level 3.9 Dodging
 - Level 3.0 Shields


You had 4 spell levels left.
You didn't know any spells.
Your spell library was empty.

Dungeon Overview and Level Annotations

Branches:
Dungeon (4/15)             Temple (1/1) D:4

Altars:
Ashenzari
Cheibriados
Elyvilon
Gozag
Hepliaklqana
Kikubaaqudgha
Nemelex Xobeh
Okawaru
Qazlal
Ru
Sif Muna
Trog
Vehumet
Xom
Zin
The Shining One

Annotations:
D:4 2 transporters, H0rd4k's ghost, amateur HuAr


Message History

You are no longer poisoned.
You closely miss the orc. The orc hits you but does no damage.
You hit the orc.
The orc is lightly wounded.
The orc closely misses you.
You riposte.
You barely miss the orc.
The orc is lightly wounded.
The orc hits you with a +0 short sword.
You hit the orc but do no damage.
The orc is lightly wounded.
The orc hits you with a +0 short sword. The orc closely misses you.
You hit the orc but do no damage.
The orc is lightly wounded.
The orc hits you with a +0 short sword.
* * * LOW HITPOINT WARNING * * *
The orc hits you with a +0 short sword.
* * * LOW HITPOINT WARNING * * *
You closely miss the orc.
The orc is lightly wounded.
The orc hits you with a +0 short sword.
You die...
P...o.P...P# #.# .PPP.P.P.P## #.# P P.P.P...# #.# PPP.P.P.P.Po#

#.########
......P.P.P.#######.##......
PPPPPPP.PPP..........#.#####
##.#####.####...#.# ###
#.#####.###......###..
#....@o..............#
####.##.#####..#.#####
#.##.# #..#.#####
#.##.#####..#......
#.##........#######
#.#######...## #.# ##.....##
..# ##.......## # ..#
#......).(####


You could see an orc.

Vanquished Creatures
  A scorpion (D:4)
  A hound (D:4)
  2 orc wizards
  4 adders
  A worm (D:2)
  A leopard gecko (D:4)
  4 orcs
  2 ball pythons
  A giant cockroach (D:3)
  5 hobgoblins
  2 jackals (D:2)
  A quokka (D:3)
  2 bats
  2 frilled lizards
  5 goblins
  6 kobolds
  6 rats
46 creatures vanquished.

Notes
Turn   | Place    | Note
-------+----------+-------------------------------------------
     0 | D:1      | PentaManta the Merfolk Fighter began the quest for the Orb.
     0 | D:1      | Reached XP level 1. HP: 18/18 MP: 1/1
   243 | D:1      | Reached XP level 2. HP: 14/24 MP: 2/2
  1398 | D:2      | Reached XP level 3. HP: 16/30 MP: 3/3
  2067 | D:3      | Reached skill level 1 in Dodging
  2067 | D:3      | Reached XP level 4. HP: 18/38 MP: 4/4
  2458 | D:3      | Found a snail-covered altar of Cheibriados.
  2774 | D:4      | Reached XP level 5. HP: 31/43 MP: 5/5
  2778 | D:4      | Found a staircase to the Ecumenical Temple.
  2813 | Temple   | Entered the Ecumenical Temple
  3182 | D:4      | Found a transporter.
  3186 | D:4      | Found a transporter.
  3186 | D:4      | Identified the +10 great mace of the Four Dances {chaos,
                  | *Rage Dex+4 SInv}
  3186 | D:4      | Noticed an ogre
  3186 | D:4      | Noticed H0rd4k's ghost (amateur HuAr)
  3186 | D:4      | Noticed an ogre
  3317 | D:4      | Slain by an orc

Skill      XL: |  1  2  3  4  5 |
---------------+----------------+-----
Long Blades    | 3 4 |  4.2
Fighting       | 4 |  4.9
Dodging        | 1 2 3 |  3.9
Armour         | |  2.1
Shields        | |  3.0

Action                   |  1- 3 |  4- 6 || total
-------------------------+-------+-------++-------
Melee: Long sword        |    96 |    59 ||   155
Throw: Javelin           |       |     2 ||     2
 Abil: Evoke Berserk Rag |     2 |     1 ||     3
  Use: Scroll            |     4 |     1 ||     5
       Potion            |     1 |       ||     1
 Stab: Sleeping          |     1 |       ||     1
  Eat: Chunk             |     2 |     3 ||     5
       Ration            |     1 |       ||     1
Armor: Scale mail        |    20 |       ||    20
       Leather armour    |    13 |     8 ||    21
Dodge: Dodged            |    62 |    46 ||   108
       Rpst.: Long sword |    18 |    16 ||    34
